 Dungeon Crawl Stone Soup version 0.30.1-1-g62c8e00024 (webtiles) character file.

Game seed: 15652101530325766197

428 cheesebisquit the Chopper (level 6, -1/56 HPs)
             Began as a Hill Orc Monk on July 15, 2023.
             Splashed by a jelly's acid (9 damage)
             ... on level 4 of the Dungeon.
             The game lasted 00:07:02 (2612 turns).

cheesebisquit the Chopper (Hill Orc Monk)           Turns: 2612, Time: 00:07:03

Health: -1/56      AC: -19   Str: 16    XL:     6   Next: 98%
Magic:  6/6        EV: 12    Int: 10    God:
Gold:   199        SH:  0    Dex: 13    Spells: 5/5 levels left

rFire   . . .        a - +0 hand axe
rCold   . . .        d - orb {light}
rNeg    . . .        s - +2 robe {Will+}
rPois   .            (no helmet)
rElec   .            (no cloak)
rCorr   .            (no gloves)
SInv    .            (no boots)
Will    +....        (no amulet)
Stlth   +            (no ring)
HPRegen 0.29/turn    (no ring)
MPRegen 0.10/turn

%: no passive effects
@: corroded, hasted, glowing, very quick
A: no striking features
a: no special abilities


You were on level 4 of the Dungeon.
You visited 1 branch of the dungeon, and saw 4 of its levels.

You collected 199 gold pieces.

Inventory:

Hand Weapons
 a - a +0 hand axe (weapon)
Armour
 d - an orb of light (worn)
 i - a +0 ring mail
 s - a +2 robe of willpower (worn)
Wands
 r - a wand of roots (2) (quivered)
Scrolls
 b - 2 scrolls of teleportation {unknown}
 e - a scroll of noise {unknown}
 f - 3 scrolls of amnesia {unknown}
 g - a scroll of torment {unknown}
 h - 3 scrolls of poison {unknown}
 j - 3 scrolls of identify
 l - 2 scrolls of blinking {unknown}
 m - a scroll of enchant weapon {unknown}
 n - a scroll of fog {unknown}
 o - 2 scrolls of vulnerability {unknown}
 p - 2 scrolls of fear {unknown}
Potions
 t - a potion of flight {unknown}
 u - a potion of might {unknown}


   Skills:
 + Level 5.4 Fighting
 * Level 7.6 Axes
 + Level 3.5 Armour
 - Level 2.4 Dodging


You had 5 spell levels left.
You didn't know any spells.
Your spell library was empty.

Dungeon Overview and Level Annotations

Branches:
Dungeon (4/15)
 Temple: D:4-7

Altars:


Message History

The jelly is severely wounded.
You hit the jelly but do no damage. The acid corrodes you!
Your hands burn!
The jelly is severely wounded.
The jelly closely misses you.
You hit the jelly but do no damage.
Your hands burn!
The jelly is severely wounded.
The jelly hits you. The acid corrodes you!
You are splashed with acid!
You hit the jelly but do no damage.
Your hands burn!
* * * LOW HITPOINT WARNING * * *
The jelly is severely wounded.
The jelly barely misses you.
It was a potion of heal wounds.
You feel much better. The jelly misses you.
You feel much better. The jelly hits you.
You are splashed with acid!
You hit the jelly but do no damage.
Your hands burn!
The jelly is severely wounded.
The jelly hits you. The acid corrodes you!
You are splashed with acid!
You hit the jelly but do no damage. The acid corrodes you!
Your hands burn!
The jelly is severely wounded.
The jelly misses you.
You hit the jelly but do no damage. The acid corrodes you!
Your hands burn!
The jelly is severely wounded.
The jelly barely misses you.
It was a potion of curing.
You feel better. The jelly closely misses you.
You hit the jelly but do no damage.
Your hands burn!
The jelly is severely wounded.
The jelly hits you. The acid corrodes you!
You are splashed with acid.
You feel better. The jelly hits you.
You are splashed with acid.
You hit the jelly but do no damage.
Your hands burn!
The jelly is severely wounded.
The jelly hits you.
You are splashed with acid!
* * * LOW HITPOINT WARNING * * *
As you read the scroll labelled SEXAIPTOVA, it crumbles to dust.
It is a scroll of identify.
c - a potion of haste The jelly barely misses you.
Okay, then.
You feel yourself speed up. The jelly hits you.
* * * LOW HITPOINT WARNING * * *
The acid corrodes you!
You are splashed with acid!
You die...

#...........~PP.
#...........#...
##.........##...
#+##.....##
#.....# #
##....## .#.#
#.....###....#
###.............
#......J@##...
#........# .
#........#
#..........
.............
....##.....##J.
.... #...... .
... ........


You could see a jelly.

Vanquished Creatures
  Sigmund (D:3)
  A scorpion (D:4)
  2 iguanas (D:4)
  Jessica (D:2)
  A sleepcap (D:4)
  3 adders
  2 worms
  2 dart slugs (D:2)
  7 orcs
  6 bats (D:1)
  4 endoplasms
  4 giant cockroaches
  6 goblins
  8 hobgoblins
  3 quokkas
  5 ball pythons
  3 frilled lizards
  8 kobolds
  6 rats
73 creatures vanquished.

Notes
Turn   | Place    | Note
-------+----------+-------------------------------------------
     0 | D:1      | cheesebisquit the Hill Orc Monk began the quest for the
                  | Orb.
     0 | D:1      | Reached XP level 1. HP: 19/19 MP: 1/1
    80 | D:1      | Reached XP level 2. HP: 22/27 MP: 2/2
   215 | D:1      | Reached skill level 1 in Armour
   262 | D:1      | Reached XP level 3. HP: 31/33 MP: 3/3
   554 | D:2      | Reached skill level 5 in Axes
   991 | D:2      | Reached XP level 4. HP: 33/40 MP: 4/4
  1299 | D:2      | Noticed Jessica
  1314 | D:2      | Killed Jessica
  1701 | D:3      | Reached XP level 5. HP: 41/47 MP: 5/5
  1760 | D:3      | Reached skill level 6 in Axes
  1912 | D:3      | Noticed Sigmund
  1927 | D:3      | Killed Sigmund
  1928 | D:3      | Reached skill level 5 in Fighting
  1928 | D:3      | Reached skill level 7 in Axes
  1928 | D:3      | Reached XP level 6. HP: 42/56 MP: 6/6
  2612 | D:4      | Splashed by a jelly's acid

Illustrated notes

Levels and vault maps discovered:
D:1:      minmay_arrival_semitransparent, layout_rooms, st_stairs_9
D:2:      layout_loops_ring, uniq_jessica
D:3:      layout_rooms, uniq_sigmund
D:4:      layout_cave_pools, serial_shops, nicolae_shop_rolling_square, shop,
          serial_bayou, serial_bayou_shore_b, serial_bayou_lagoon_a,
          serial_bayou_pond_c, serial_bayou_pond_d, uniq_grinder, uniq_ijyb,
          uniq_edmund

Skill      XL: |  1  2  3  4  5 |
---------------+----------------+-----
Armour         | 1 2 3 |  3.5
Fighting       | 4 5 |  5.4
Axes           | 5 7 |  7.6
Dodging        | |  2.4

Action                     |  1- 3 |  4- 6 || total
---------------------------+-------+-------++-------
  Melee: Hand axe          |   133 |   149 ||   282
    Use: Potion            |       |     6 ||     6
         Scroll            |       |     1 ||     1
 Armour: Robe              |     9 |    20 ||    29
         Ring mail         |    44 |     9 ||    53
  Dodge: Dodged            |    68 |    81 ||   149
